 Dungeon Sprint DCSS version 0.21-a0-221-gfe971b9 (webtiles) character file.

7380 Kidiri the Warrior (level 11, -15/113 HPs)
             Began as a Hill Orc Abyssal Knight on Aug 25, 2017.
             Was the Champion of Lugonu.
             Killed from afar by a lindwurm (46 damage)
             ... with a blast of flame
             ... in the Dungeon (Sprint IX: "|||||||||||||||||||||||||||||").
             The game lasted 00:05:53 (1431 turns).

Kidiri the Warrior (Hill Orc Abyssal Knight)        Turns: 1431, Time: 00:05:53

Health: -15/113    AC: 12    Str: 22    XL:     11   Next: 14%
Magic:  20/20      EV: 16    Int: 15    God:    Lugonu [******]
Gold:   0          SH:  0    Dex: 10    Spells: 10/10 levels left

rFire    . . .     SeeInvis .   a - +2 dire flail (crush)
rCold    . . .     Gourm    .   (shield currently unavailable)
rNeg     . . .     Faith    .   b - +2 ring mail
rPois    .         Spirit   .   p - +0 helmet
rElec    +         Reflect  .   (no cloak)
rCorr    .         Harm     .   (no gloves)
MR       .....     Rnd*Rage +   e - +0 pair of boots Stlth ..........NoTele +
                                (no amulet)
HPRegen  0.28/turn              q - +3 ring of strength
MPRegen  0.17/turn              r - +3 ring of intelligence

@: no status effects
A: berserk 1, blurry vision 1, electricity resistance
a: Bend Space, Banish, Corrupt, Brand Weapon With Distortion, Renounce Religion


You were in the Dungeon.
You worshipped Lugonu.
Lugonu was exalted by your worship.
You were not hungry.

You visited 1 branch

Inventory:

Hand Weapons
 a - a +2 dire flail of crushing (weapon)
Armour
 b - a +2 ring mail (worn)
 e - a +0 pair of boots (worn)
 p - a +0 helmet (worn)
Jewellery
 q - a +3 ring of strength (left hand)
 r - a +3 ring of intelligence (right hand)
Wands
 o - a wand of acid (3/15)
 s - a wand of acid (10/15)
 t - a wand of flame (22/48)
Scrolls
 i - 2 scrolls of blinking
 m - 3 scrolls of remove curse
 n - 2 scrolls of amnesia
 u - 6 scrolls of enchant armour
 v - a scroll of fear
 w - 2 scrolls of enchant weapon
Potions
 d - 4 potions of curing
 f - a potion of haste
 g - 4 potions of magic
 h - 3 potions of berserk rage
 j - a potion of brilliance
 k - a potion of invisibility
 l - 2 potions of heal wounds
Comestibles
 c - a bread ration
 x - 4 inedible chunks of flesh


   Skills:
 * Level 15.5 Fighting
 * Level 14.3 Maces & Flails
 + Level 10.6 Armour
 * Level 11.3 Dodging
 + Level 12.3 Invocations


You had 10 spell levels left.
You didn't know any spells.

Dungeon Overview and Level Annotations

Branches:
Dungeon (1/1)

Altars:
Cheibriados
Dithmenos
Elyvilon
Fedhas
Gozag
Hepliaklqana
Kikubaaqudgha
Makhleb
Nemelex Xobeh
Okawaru
Qazlal
Ru
Sif Muna
Trog
Uskayaw
Vehumet
Wu Jian
Xom
Yredelemnul
Zin
The Shining One
Beogh
Jiyva
Lugonu


Innate Abilities, Weirdness & Mutations

You tend to lose your temper in combat.
Scrolls take you a little longer to read.
You are resistant to electric shocks. (rElec)


Message History

You barely miss the lindwurm.
The lindwurm is moderately wounded.
Your ring mail prevents you from hitting the lindwurm.
The lindwurm is moderately wounded.
The lindwurm bites you!
* * * LOW HITPOINT WARNING * * *
The lindwurm claws you but does no damage.
The lindwurm claws you.
* * * LOW HITPOINT WARNING * * *
Space bends around you!
You blink.
Unknown command.
Things that are here:
an inedible chunk of flesh; 2 inedible chunks of flesh; a porcupine skeleton All of the chunks of flesh in your inventory have rotted away.
There is an open door, spattered with blood here.
You see here 4 inedible chunks of flesh.
x - 4 inedible chunks of flesh The lindwurm breathes flames at you.
The blast of flame hits you!
You die...

▓▓▓▓▓▓▓▓▓▓▓▓▓▓▓▓▓▓▓▓▓▓▓▓▓▓▓▓▓▓▓▓▓
(.....'.........@%...k....w.†....
▓▓▓▓▓▓▓▓▓▓▓▓▓▓▓▓▓▓▓▓▓▓▓▓▓▓▓▓▓▓▓▓▓
.................................
▓▓▓▓▓▓▓▓▓▓▓▓▓▓▓▓▓▓▓▓▓▓▓▓▓▓▓▓▓▓▓▓▓
.'________________________'..|)(.
▓▓▓▓▓▓▓▓▓▓▓▓▓▓▓▓▓▓▓▓▓▓▓▓▓▓▓▓▓▓▓▓▓


You could see a lindwurm.

Vanquished Creatures
  A centaur warrior (D)
  2 two-headed ogres (D)
  An unseen horror (D)
  2 lindwurms (D)
  4 spiny frogs (D)
  A komodo dragon (shapeshifter) (D)
  2 komodo dragons (D)
  2 tyrant leeches (D)
  3 hippogriffs (D)
  2 yaks (D)
  4 water moccasins (D)
  2 porcupines (D)
  A crocodile (D)
  3 bullfrogs (D)
  A crimson imp (D)
  A hound (D)
  An orc wizard (D)
  A gnoll (D)
  2 adders (D)
  A shadow imp (D)
  2 worms (D)
  An orc (D)
  A bat zombie (D)
  A giant cockroach (D)
  2 goblins (D)
  2 bats (D)
46 creatures vanquished.

Notes
Turn   | Place    | Note
-------+----------+-------------------------------------------
     0 | D        | Kidiri the Hill Orc Abyssal Knight began the quest for the Orb.
     0 | D        | Reached XP level 1. HP: 19/19 MP: 2/2
     4 | D        | Reached skill level 1 in Dodging
     6 | D        | Reached ** piety under Lugonu
     6 | D        | Reached skill level 4 in Fighting
    18 | D        | Reached XP level 2. HP: 24/28 MP: 2/4
    64 | D        | Noticed a crimson imp
    70 | D        | Reached *** piety under Lugonu
    73 | D        | Reached skill level 5 in Fighting
    73 | D        | Reached XP level 3. HP: 27/36 MP: 5/5
   117 | D        | Reached **** piety under Lugonu
   117 | D        | Reached XP level 4. HP: 25/44 MP: 5/7
   124 | D        | Found a roughly hewn altar of Beogh.
   124 | D        | Found a snail-covered altar of Cheibriados.
   124 | D        | Found a shadowy altar of Dithmenos.
   124 | D        | Found a white marble altar of Elyvilon.
   124 | D        | Found a blossoming altar of Fedhas.
   124 | D        | Found an opulent altar of Gozag.
   125 | D        | Found a hazy altar of Hepliaklqana.
   126 | D        | Found a viscous altar of Jiyva.
   127 | D        | Found an ancient bone altar of Kikubaaqudgha.
   128 | D        | Found a corrupted altar of Lugonu.
   129 | D        | Found a burning altar of Makhleb.
   130 | D        | Found a sparkling altar of Nemelex Xobeh.
   131 | D        | Found an iron altar of Okawaru.
   132 | D        | Found a stormy altar of Qazlal.
   133 | D        | Found a sacrificial altar of Ru.
   134 | D        | Found a deep blue altar of Sif Muna.
   135 | D        | Found a bloodstained altar of Trog.
   136 | D        | Found a hide-covered altar of Uskayaw.
   137 | D        | Found a radiant altar of Vehumet.
   138 | D        | Found an ornate altar of the Wu Jian Council.
   139 | D        | Found a shimmering altar of Xom.
   140 | D        | Found a basalt altar of Yredelemnul.
   141 | D        | Found a glowing silver altar of Zin.
   142 | D        | Found a glowing golden altar of the Shining One.
   253 | D        | Noticed a bullfrog
   253 | D        | Noticed a bullfrog
   256 | D        | Reached skill level 6 in Fighting
   256 | D        | Reached skill level 5 in Maces & Flails
   263 | D        | Killed a bullfrog
   263 | D        | Reached skill level 7 in Fighting
   263 | D        | Reached skill level 5 in Invocations
   263 | D        | Reached XP level 5. HP: 51/52 MP: 7/9
   276 | D        | Killed an unseen horror
   276 | D        | Reached skill level 10 in Fighting
   276 | D        | Reached XP level 6. HP: 27/66 MP: 8/11
   276 | D        | Reached XP level 7. HP: 29/72 MP: 8/12
   282 | D        | Reached ***** piety under Lugonu
   472 | D        | Noticed a two-headed ogre
   472 | D        | Noticed a hippogriff
   472 | D        | Noticed a centaur warrior
   472 | D        | Noticed a two-headed ogre
   472 | D        | Noticed a komodo dragon
   484 | D        | Killed a two-headed ogre
   484 | D        | Reached skill level 11 in Fighting
   484 | D        | Reached skill level 10 in Maces & Flails
   484 | D        | Reached XP level 8. HP: 52/82 MP: 11/14
   488 | D        | Killed a hippogriff
   494 | D        | Killed a centaur warrior
   494 | D        | Reached skill level 12 in Fighting
   494 | D        | Reached XP level 9. HP: 46/92 MP: 13/16
   499 | D        | Killed a two-headed ogre
   499 | D        | Reached skill level 13 in Fighting
   499 | D        | Reached skill level 10 in Invocations
   505 | D        | Killed a komodo dragon
   523 | D        | Gained mutation: You tend to lose your temper in combat. [mutagenic meat]
   524 | D        | Gained mutation: Scrolls take you a little longer to read. [mutagenic meat]
   525 | D        | Gained mutation: You are resistant to electric shocks. (rElec) [mutagenic meat]
   836 | D        | Noticed a spiny frog
   839 | D        | Reached XP level 10. HP: 96/101 MP: 17/17
   848 | D        | Killed a spiny frog
   850 | D        | Reached ****** piety under Lugonu
   852 | D        | Noticed a spiny frog
   860 | D        | Reached skill level 10 in Dodging
   865 | D        | Reached skill level 14 in Fighting
   881 | D        | Killed a spiny frog
  1166 | D        | Noticed a spiny frog
  1166 | D        | Noticed a spiny frog
  1168 | D        | Killed a spiny frog
  1175 | D        | Killed a spiny frog
  1175 | D        | Reached skill level 10 in Armour
  1192 | D        | Reached skill level 15 in Fighting
  1394 | D        | Noticed a lindwurm
  1394 | D        | Noticed a lindwurm
  1397 | D        | Noticed a lindwurm
  1408 | D        | Reached XP level 11. HP: 74/112 MP: 18/20
  1411 | D        | Killed a lindwurm
  1416 | D        | Killed a lindwurm
  1431 | D        | Killed from afar by a lindwurm

Vault maps used:
D:        linesprint

Skill      XL: |  1  2  3  4  5  6  7  8  9 10 |
---------------+-------------------------------+-----
Dodging        | 2 3 4 6 8 9 11 | 11.3
Fighting       | 4 5 7 10 11 12 13 15 | 15.5
Maces & Flails | 3 4 6 9 10 11 12 14 | 14.3
Invocations    | 3 4 5 7 9 10 12 | 12.3
Armour         | 3 4 6 7 8 9 10 | 10.6

Action                   |  1- 3 |  4- 6 |  7- 9 | 10-12 || total
-------------------------+-------+-------+-------+-------++-------
Melee: Mace              |    58 |       |       |       ||    58
       Dire flail        |       |    22 |    30 |   102 ||   154
Invok: Bend Space        |       |       |     1 |     2 ||     3
Evoke: Wand              |       |       |     2 |     2 ||     4
  Use: Potion            |     1 |     1 |     1 |     4 ||     7
  Eat: Chunk             |       |       |     3 |     2 ||     5
Armor: Leather armour    |    20 |       |       |       ||    20
       Ring mail         |       |    17 |     9 |    20 ||    46
Dodge: Dodged            |    29 |     6 |    15 |    39 ||    89

Table legend:
 A = Spawn XP
 B = Non-spawn XP
 C = Spawn XP percentage of total XP
 D = Spawn monster count
 E = Non-spawn monster count
 F = Spawn count percentage of total count
 G = Total turns spent on level
                    A         B        C        D         E        F      G
               +---------+---------+-------+---------+---------+-------+---------
         Total |       0 |   10544 |   0.0 |       0 |      46 |   0.0 |  1431
               +---------+---------+-------+---------+---------+-------+---------
             D |       0 |   10544 |   0.0 |       0 |      46 |   0.0 |  1431
               +---------+---------+-------+---------+---------+-------+---------
